 Dungeon Crawl Stone Soup version 0.24.0-1-gfbc8707 (webtiles) character file.

Game seed: 12932772712041387514, levelgen mode: deterministic

405 Bucky5 the Skirmisher (level 6, -7/49 HPs)
             Began as a Demonspawn Abyssal Knight on Oct 29, 2019.
             Was a Priest of Lugonu.
             Mangled by Duvessa
             ... wielding a +1 rapier of draining
              (11 damage)
             ... on level 4 of the Dungeon.
             The game lasted 00:07:28 (4553 turns).

Bucky5 the Skirmisher (Demonspawn Abyssal Knight)   Turns: 4553, Time: 00:07:28

Health: -7/49      AC:  5    Str: 14    XL:     6   Next: 56%
Magic:  7/7        EV: 10    Int: 13    God:    Lugonu [***...]
Gold:   189        SH:  0    Dex: 13    Spells: 5/5 levels left

rFire    . . .     SeeInvis .   a - +1 falchion
rCold    . . .     Gourm    .   (no shield)
rNeg     . . .     Faith    .   h - +0 ring mail
rPois    .         Spirit   .   (helmet restricted)
rElec    .         Reflect  .   (no cloak)
rCorr    .         Harm     .   (no gloves)
MR       .....                  (no boots)
Stlth    ..........             e - amulet of rage
HPRegen  0.16/turn              (no ring)
MPRegen  0.10/turn              (no ring)

@: very slightly contaminated, heavily drained, invisible
A: claws 1, hooves 1, horns 1, demonic guardian 1, powered by pain 1
a: Depart the Abyss, Bend Space, Banish, Renounce Religion, Evoke Berserk Rage


You were on level 4 of the Dungeon.
You worshipped Lugonu.
Lugonu was most pleased with you.
You were not hungry.

You visited 1 branch of the dungeon, and saw 4 of its levels.
You visited the Abyss 1 time.

You collected 189 gold pieces.

Inventory:

Hand Weapons
 a - a +1 falchion (weapon)
Missiles
 g - 4 javelins (quivered)
 o - 6 boomerangs
Armour
 h - a +0 ring mail (worn)
Jewellery
 e - an amulet of rage (around neck)
Wands
 p - a wand of clouds (5)
Scrolls
 d - a scroll of teleportation
 f - 3 scrolls of identify
 j - a scroll of immolation
 k - a scroll of remove curse
 l - a scroll of fog
 n - a scroll of magic mapping
Potions
 m - a potion of magic {unknown}
Comestibles
 c - 7 rations
 i - 14 chunks of flesh


   Skills:
 + Level 4.7(2.9) Fighting
 + Level 4.0(2.2) Long Blades
 + Level 3.8(2.0) Armour
 - Level 1.3(0.0) Dodging
 - Level 0.1(0.0) Stealth
 - Level 2.6(0.9) Invocations


You had 5 spell levels left.
You didn't know any spells.
Your spell library was empty.

Dungeon Overview and Level Annotations

Branches:
Dungeon (4/15)
 Temple: D:4-7

Altars:
Elyvilon
Fedhas
Kikubaaqudgha
Makhleb
Ru
Uskayaw
Wu Jian
Zin

Annotations:
D:4 Duvessa


Innate Abilities, Weirdness & Mutations

You have sharp fingernails.
You have large cloven feet.
You have a pair of small horns on your head.
A weak demonic guardian rushes to your aid.
You sometimes gain a little power by taking damage.


Message History

* * * LOW HITPOINT WARNING * * *
Your quasit bites Duvessa but does no damage.
Your quasit claws Duvessa but does no damage. x2
Duvessa hits you with a +1 rapier of draining!
* * * LOW HITPOINT WARNING * * *
You feel drained.
* * * LOW HITPOINT WARNING * * *
You fade into invisibility!
Your quasit closely misses Duvessa.
Your quasit barely misses Duvessa.
Your quasit claws Duvessa but does no damage.
Duvessa hits you but does no damage.
You feel drained.
You are very lightly contaminated with residual magic.
Your ufetubus hits Duvessa but does no damage.
Your ufetubus misses Duvessa.
Your ufetubus hits Duvessa but does no damage.
Your ufetubus hits Duvessa.
Your quasit bites Duvessa but does no damage.
Your quasit claws Duvessa but does no damage. x2
Duvessa hits you with a +1 rapier of draining!
You die...

..... ###..#......)........
...##....#.....#########.
###.#(..).##..###....÷..##
##..#.......#........(÷....
###...........#.......)8.....
#.............###............
##.....#........####.......##
#.....P.##55.)......#########.
#.≈.≈≈...###e@....)...÷.......
#≈≈≈≈.... ###................
#.≈≈≈≈.... ######...........
#P.≈≈≈.... ############
#..P......#


You could see Duvessa (berserk), a friendly quasit and a friendly ufetubus.

Vanquished Creatures
  A quasit (D:2)
  An orc priest (D:4)
  3 orc wizards
  A worker ant (D:4)
  A hound zombie (D:4)
  A howler monkey skeleton (D:4)
  3 adders
  4 gnolls (D:2)
  A shadow imp (D:3)
  An ooze (D:1)
  2 adder zombies (D:4)
  A worm (D:3)
  A dart slug (D:1)
  2 leopard geckos
  13 orcs
  3 ball pythons
  7 giant cockroaches
  12 goblins
  4 hobgoblins
  5 jackals
  2 quokkas
  A ball python zombie (D:4)
  3 bats (D:2)
  3 frilled lizards
  A giant cockroach zombie (D:4)
  4 kobolds
  A leopard gecko skeleton (D:4)
  6 rats
88 creatures vanquished.

Vanquished Creatures (collateral kills)
  Dowan (D:4)
  An orc wizard (D:4)
  An adder skeleton (D:4)
  An orc (D:4)
  A quokka (D:4)
  A leopard gecko skeleton (D:4)
  A leopard gecko zombie (D:4)
7 creatures vanquished.

Vanquished Creatures (others)
  Ijyb (D:4)
1 creature vanquished.

Grand Total: 96 creatures vanquished

Notes
Turn   | Place    | Note
-------+----------+-------------------------------------------
     0 | Abyss:1  | Bucky5 the Demonspawn Abyssal Knight began the quest for
                  | the Orb.
     0 | Abyss:1  | Reached XP level 1. HP: 18/18 MP: 2/2
    42 | Abyss:1  | Noticed a raiju
    47 | Abyss:1  | Noticed a smoke demon
    49 | D:1      | Escaped the Abyss
   196 | D:1      | Gained mutation: You have large cloven feet. [demonic
                  | ancestry]
   196 | D:1      | Reached XP level 2. HP: 24/24 MP: 3/3
   516 | D:1      | Reached * piety under Lugonu
   519 | D:1      | Reached skill level 1 in Dodging
  1023 | D:2      | Found a faded altar of an unknown god.
  1037 | D:2      | Found a white marble altar of Elyvilon.
  1039 | D:2      | Found an ancient bone altar of Kikubaaqudgha.
  1042 | D:2      | Gained mutation: You sometimes gain a little power by
                  | taking damage. [demonic ancestry]
  1042 | D:2      | Reached XP level 3. HP: 30/30 MP: 4/4
  1043 | D:2      | Found a blossoming altar of Fedhas.
  1043 | D:2      | Found a glowing silver altar of Zin.
  1049 | D:2      | Found a burning altar of Makhleb.
  1689 | D:2      | Gained mutation: You have sharp fingernails. [demonic
                  | ancestry]
  1689 | D:2      | Reached XP level 4. HP: 9/37 MP: 5/5
  2416 | D:2      | Found an ornate altar of the Wu Jian Council.
  2634 | D:3      | Reached ** piety under Lugonu
  2634 | D:3      | Gained mutation: A weak demonic guardian rushes to your
                  | aid. [demonic ancestry]
  2634 | D:3      | Reached XP level 5. HP: 43/43 MP: 6/6
  3591 | D:4      | Found a sacrificial altar of Ru.
  3591 | D:4      | Found a hide-covered altar of Uskayaw.
  3592 | D:4      | Noticed Dowan
  4001 | D:4      | Gained mutation: You have a pair of small horns on your
                  | head. [demonic ancestry]
  4001 | D:4      | Reached XP level 6. HP: 27/49 MP: 7/7
  4282 | D:4      | Killed Dowan
  4467 | D:4      | Reached *** piety under Lugonu
  4471 | D:4      | Noticed Ijyb
  4477 | D:4      | Killed Ijyb
  4538 | D:4      | Noticed Duvessa
  4553 | D:4      | Mangled by Duvessa

Levels and vault maps discovered:
D:1:      matt_arrival_los_fun, layout_basic
D:2:      layout_loops_corners, grunt_temple_overflow_open,
          lemuel_coloured_pillars_altar, chequers_ecumenical_altar_simple_redux
D:3:      layout_loops_ring
D:4:      kennysheep_spiral_hall, layout_cave_pools,
          chequers_temple_overflow_statue_of_worship, gammafunk_ghost_arena,
          first_ration, serial_undead, serial_undead_d, serial_undead_f,
          serial_undead_d, serial_undead_a, serial_undead_a, serial_undead_d,
          serial_undead_f, serial_undead_b, serial_undead_d, serial_undead_a,
          uniq_duvessa, uniq_ijyb

Skill      XL: |  1  2  3  4  5  6 |
---------------+-------------------+-----
Dodging        | 1 |  1.3
Long Blades    | 2 3 4 |  4.0
Fighting       | 4 |  4.7
Armour         | 2 3 |  3.8
Stealth        | |  0.1
Invocations    | |  2.6

Action                   |  1- 3 |  4- 6 || total
-------------------------+-------+-------++-------
Melee: Falchion          |    84 |   171 ||   255
       Kick              |    20 |    42 ||    62
       Headbutt          |       |    13 ||    13
Invok: Depart the Abyss  |     1 |       ||     1
  Use: Potion            |       |     6 ||     6
       Scroll            |       |     9 ||     9
  Eat: Chunk             |     2 |     7 ||     9
       Ration            |       |     1 ||     1
Armor: Leather armour    |     7 |       ||     7
       Ring mail         |    14 |    97 ||   111
Dodge: Dodged            |    57 |   109 ||   166
       Rpst.: Falchion   |    12 |    31 ||    43
